Map: 黑暗杀星

Players

梦想天生

  • Race: Zerg Zerg
  • Spawn Location: 5:00

喂人民服雾

  • Race: Terran Terran
  • Spawn Location: 5:00

VOD

Have the link to the VOD?

Description

Time

  • Played on: March 19, 2018, 11:51 p.m.
  • Length: 9:44
Show
View Real Time Build Order
Export as new Build Order

梦想天生 Zerg 

Build Orders:  

Get SALT Encoding   

  12  0:19  Roach Warren  
  11  0:44  Spore Crawler  
  11  0:45  Roach  
  12  0:57  Overlord  
  12  1:12  Drone  
  13  1:28  Drone  
  14  1:30  Drone x2  
  14  1:36  Drone  
  14  1:39  Roach  
  17  2:00  Roach  
  17  2:01  Brutalisk  
  17  2:04  Extractor  
  17  2:06  Extractor  
  17  2:26  Drone  
  17  2:27  Drone  
  17  2:28  Roach  
  21  2:30  Drone  
  22  2:48  Roach  
  22  3:10  Brutalisk  
  22  3:13  Lair  
  22  3:14  Overlord  
  22  4:10  Spire  
  22  4:12  Roach  
  21  4:34  Brutalisk  
  21  4:54  Mutalisk x2  
  25  5:00  Mutalisk  
  27  6:15  Mutalisk  
  27  6:27  Mutalisk  
  27  6:29  Mutalisk  
  27  6:43  Leviathan  
  27  6:55  Leviathan  
  27  6:57  Leviathan  
  27  8:49  Spore Crawler x2  
  25  8:51  Spore Crawler  
  25  8:52  Spore Crawler  
Show
View Real Time Build Order
Export as new Build Order

喂人民服雾 Terran 

Build Orders:  

Get SALT Encoding   

Tags
 
Commander
AbathurRaynor
Matchup
Co-op
Replay Pack
Co-op Speedrun
Add a new tag
Caveats
  • Supply blocks, unpowered buildings, or Contaminate may cause inaccurate times.
  • Supply counts are checked every 10 seconds.